 Dungeon Crawl Stone Soup version 0.30-a0-414-gcb316572d5 (webtiles) character file.

Game seed: 11779639809027177731

738 McMuffin the Chopper (level 7, -6/59 (61) HPs)
             Began as a Hill Orc Fighter on Dec 7, 2022.
             Mangled by a yak (10 damage)
             ... on level 6 of the Dungeon.
             The game lasted 00:07:02 (901 turns).

McMuffin the Chopper (Hill Orc Fighter)              Turns: 901, Time: 00:07:03

HP:   -6/59 (61)    AC:  7    Str: 21    XL:     7   Next: 75%
MP:   7/7           EV: 10    Int:  8    God:
Gold: 50            SH:  0    Dex: 10    Spells: 5/6 levels left

rFire   + . .      SeeInvis .    l - +2 scythe (protect)
rCold   . . .      Faith    .    (shield currently unavailable)
rNeg    . . .      Spirit   .    b - +0 scale mail
rPois   .          Reflect  .    (no helmet)
rElec   .          Harm     .    (no cloak)
rCorr   .          Rampage  .    (no gloves)
Will    .....                    (no boots)
Stlth   ..........               (no amulet)
HPRegen 0.29/turn                e - ring of protection from fire
MPRegen 0.10/turn                (no ring)

@: lightly drained
A: no striking features
a: no special abilities


You were on level 6 of the Dungeon.
You visited 1 branch of the dungeon, and saw 4 of its levels.

You collected 50 gold pieces.

Inventory:

Hand Weapons
 a - a +0 war axe
 k - a +3 eveningstar
 l - a +2 scythe of protection (weapon)
 n - a +0 vorpal hand axe
Armour
 b - a +0 scale mail (worn)
 c - a +0 buckler
Jewellery
 e - a ring of protection from fire (left hand)
Potions
 d - a potion of might
 f - a potion of brilliance {unknown}
 i - a potion of invisibility {unknown}
 j - a potion of attraction {unknown}


   Skills:
 + Level 5.1 Fighting
 + Level 6.2(7.0) Axes
 + Level 1.3(3.5) Maces & Flails
 + Level 3.6(4.9) Polearms
 + Level 5.2 Armour
 + Level 1.5 Dodging
 + Level 4.0 Shields
 + Level 0.1 Spellcasting
 + Level 0.3 Conjurations
 + Level 0.1 Fire Magic


You had 5 spell levels left.
You knew the following spells:

 Your Spells              Type           Power      Damage    Failure   Level
a - Foxfire               Conj/Fire      0%         2x1d4     69%         1

Your spell library contained the following spells:

 Spells                   Type           Power      Damage    Failure   Level
 Searing Ray              Conj           0%         2d4       82%         2
 Confusing Touch          Hex            0%         N/A       97%         3
 Iskenderun's Mystic Bla  Conj/Tloc      0%         2d3       100%        4


Dungeon Overview and Level Annotations

Branches:
Dungeon (6/15)
 Temple: D:4-7

Altars:
Qazlal


Message History

Your Shields skill increases to level 4!
You barely miss the yak. The yak gores you. The necrophage barely misses you.
The necrophage hits you but does no damage.
The yak gores you!
* * * LOW HITPOINT WARNING * * *
You hit the yak.
The yak is lightly wounded.
The necrophage hits you but does no damage.
The yak misses you.
You closely miss the yak.
The yak is lightly wounded.
The necrophage hits you.
* * * LOW HITPOINT WARNING * * *
The yak gores you!
* * * LOW HITPOINT WARNING * * *
It was a potion of curing.
You feel better.
The necrophage hits you but does no damage.
The yak gores you.
* * * LOW HITPOINT WARNING * * *
You feel better. The necrophage hits you.
* * * LOW HITPOINT WARNING * * *
You feel drained.
* * * LOW HITPOINT WARNING * * *
The yak gores you but does no damage. The necrophage closely misses you.
The necrophage barely misses you.
You hit the necrophage.
Your weapon exudes an aura of protection.
The necrophage is lightly damaged.
The necrophage hits you but does no damage.
The yak gores you but does no damage.
As you read the scroll labelled JOAG FAUFFOHU, it crumbles to dust.
It is a scroll of identify.
h - a scroll of summoning The yak gores you.
* * * LOW HITPOINT WARNING * * *
The necrophage hits you but does no damage.
As you read the scroll of summoning, it crumbles to dust.
Wisps of shadow whirl around you... The yak gores you!
You die...

.######.#.#...............#####..
.....'..#.#.#...................#
.....'..#...#....####......####..
.######.#...###..####.....# #....
#8'8.....##..........###....
#............)..............
######.....###....#)##.....###...
.................F.............##
.##..####<#.....@..........#.#.#
....# #.##..oYnYS...#....#...#
..## .###..............###.# # .#
###.......<.....##.#
##.###...........# #†#
#...........# #.# #...........#
..# #...........## .##
#.............


You could see 2 yaks, a necrophage, a friendly bullfrog (summoned), a friendly
adder (summoned) and a friendly orc (summoned).

Vanquished Creatures
  Sigmund (D:3)
  3 yaks (D:6)
  A phantom (D:6)
  A necrophage (D:6)
  A white imp (D:6)
  2 dart slugs (D:1)
  An orc (D:6)
  5 ball pythons (D:1)
  An endoplasm (D:1)
  3 goblins
  4 hobgoblins (D:1)
  4 bats
  3 frilled lizards (D:1)
  A kobold (D:1)
  A rat (D:1)
32 creatures vanquished.

Vanquished Creatures (others)
  3 plants (D:1)
3 creatures vanquished.

Grand Total: 35 creatures vanquished

Notes
Turn   | Place    | Note
-------+----------+-------------------------------------------
     0 | D:1      | McMuffin the Hill Orc Fighter began the quest for the Orb.
     0 | D:1      | Reached XP level 1. HP: 19/19 MP: 1/1
    23 | D:1      | Got the Guide on Concussion and Hexes
   141 | D:1      | Reached XP level 2. HP: 27/27 MP: 2/2
   271 | D:1      | Reached skill level 3 in Axes
   440 | D:1      | Reached XP level 3. HP: 33/33 MP: 3/3
   559 | D:3      | Noticed Sigmund
   559 | D:3      | Found a faded altar of an unknown god.
   569 | D:3      | Killed Sigmund
   570 | D:3      | Reached skill level 5 in Axes
   570 | D:3      | Reached XP level 4. HP: 16/40 MP: 4/4
   570 | D:3      | Reached XP level 5. HP: 18/46 MP: 5/5
   605 | D:3      | You fall into a shaft and drop 3 floors!
   678 | D:6      | Found a large runed translucent door.
   679 | D:6      | Found a large runed translucent door.
   733 | D:6      | Noticed a phantom
   745 | D:6      | Killed a phantom
   746 | D:6      | Reached skill level 1 in Dodging
   746 | D:6      | Reached XP level 6. HP: 48/53 MP: 6/6
   748 | D:6      | Learned a level 1 spell: Foxfire
   808 | D:6      | Found a stormy altar of Qazlal.
   832 | D:6      | Reached skill level 1 in Polearms
   868 | D:6      | Noticed a yak
   868 | D:6      | Noticed a yak
   868 | D:6      | Noticed a yak
   869 | D:6      | Noticed a yak
   871 | D:6      | Noticed a yak
   879 | D:6      | Killed a yak
   880 | D:6      | Reached skill level 6 in Axes
   880 | D:6      | Reached skill level 1 in Maces & Flails
   880 | D:6      | Reached XP level 7. HP: 57/60 MP: 7/7
   884 | D:6      | Killed a yak
   885 | D:6      | Reached skill level 5 in Fighting
   885 | D:6      | Reached skill level 5 in Armour
   889 | D:6      | Killed a yak
   892 | D:6      | HP: 2/61 [yak (9)]
   901 | D:6      | Mangled by a yak

Illustrated notes

Levels and vault maps discovered:
D:1:      wander_arrival_fairy_ring, layout_loops_corners
D:2:      layout_basic, serial_shops, shop, nicolae_shop_statue_plus, shop,
          kennysheep_generic_room_3
D:3:      layout_basic, nicolae_ecumenical_pavilion, grunt_decor_one_mirror,
          uniq_ijyb, uniq_sigmund
D:6:      layout_rooms, jmf_multi_god_temple2, vehumet_statue,
          lemuel_tele_altar, general_overflow_altar,
          minmay_temple_entry_glassed_door, gammafunk_ghost_smash

Skill      XL: |  1  2  3  4  5  6  7 |
---------------+----------------------+-----
Axes           | 3 5 6 |  6.2
Fighting       | 4 5 |  5.1
Armour         | 4 5 |  5.2
Dodging        | 1 |  1.5
Polearms       | 2 3 |  3.6
Maces & Flails | 1 |  1.3
Shields        | 4 |  4.0
Spellcasting   | |  0.1
Conjurations   | |  0.3
Fire Magic     | |  0.1

Action                   |  1- 3 |  4- 6 |  7- 9 || total
-------------------------+-------+-------+-------++-------
Melee: War axe           |    61 |       |       ||    61
       Eveningstar       |    10 |     1 |       ||    11
       Halberd           |       |    34 |    14 ||    48
  Use: Scroll            |       |       |     2 ||     2
       Potion            |       |       |     2 ||     2
Armor: Scale mail        |    58 |    19 |    13 ||    90
Dodge: Dodged            |    45 |    16 |    12 ||    73
Block: Buckler           |    11 |       |       ||    11

Table legend: (Time is in decaauts)
 A = Elapsed time spent in this place.
 B = Non-inter-level travel time spent in this place.
 C = Inter-level travel time spent in this place.
 D = Time resting spent in this place.
 E = Time spent auto-exploring this place.
 F = Levels seen in this place.
 G = Mean time per level.
                   A        B        C        D        E       F      G
               +--------+--------+--------+--------+--------+-----+--------+
         Total |    944 |    944 |      0 |     69 |      0 |   4 |  236.0 |
       Dungeon |    944 |    944 |      0 |     69 |      0 |   4 |  236.0 |
               +--------+--------+--------+--------+--------+-----+--------+

Top non-repeatable levels by time:
     D:1: 518 daAuts
     D:6: 311 daAuts
     D:2: 63 daAuts
     D:3: 50 daAuts
